 Dungeon Crawl Stone Soup version 0.23-a0-451-g1044d4c (webtiles) character file.

33320 wilfster70 the Destroyer (level 13, -8/99 HPs)
             Began as a Gnoll Conjurer on Nov 23, 2018.
             Was a High Priest of Vehumet.
             Mangled by an orc warrior
             ... wielding a +3 glaive of venom
             ... led by an orc warlord
              (13 damage)
             ... on level 1 of the Orcish Mines.
             The game lasted 01:46:55 (28994 turns).

wilfster70 the Destroyer (Gnoll Conjurer)          Turns: 28994, Time: 01:46:56

Health: -8/99      AC: 17    Str: 16    XL:     13   Next: 70%
Magic:  26/26      EV: 18    Int: 21    God:    Vehumet [*****.]
Gold:   379        SH:  5    Dex: 19    Spells: 8/31 levels left

rFire    + + +     SeeInvis +   a - +9 glaive of Ramolu {pain, rF+ Str+4 Dex+3}
rCold    . . .     Gourm    .   (shield currently unavailable)
rNeg     . . .     Faith    .   M - +0 ring mail {rF+}
rPois    +         Spirit   .   u - +1 helmet {SInv}
rElec    .         Reflect  +   I - +0 cloak
rCorr    .         Harm     .   w - +2 pair of gloves {archery}
MR       .....                  P - +2 pair of boots {run}
Stlth    ++++......             T - +5 amulet of reflection
HPRegen  0.26/turn              x - ring of poison resistance
MPRegen  0.20/turn              H - ring of protection from fire

@: quick
A: distributed training, fangs 1, strong nose
a: Renounce Religion


You were on level 1 of the Orcish Mines.
You worshipped Vehumet.
Vehumet was extremely pleased with you.
You were very hungry.

You visited 4 branches of the dungeon, and saw 20 of its levels.

You collected 1128 gold pieces.
You spent 749 gold pieces at shops.

Inventory:

Hand Weapons
 a - the +9 glaive of Ramolu (weapon) {pain, rF+ Str+4 Dex+3}
   (You found it on level 12 of the Dungeon)

   In the hands of one skilled in necromantic magic, it inflicts extra damage on
   living creatures.
   It affects your strength (+4).
   It affects your dexterity (+3).
   It protects you from fire.
 b - a +2 hand crossbow of flaming
 c - a +3 flail of crushing
 d - a +1 scimitar of flaming
 q - a +2 dagger of venom
Missiles
 X - 6 javelins (quivered)
 Y - 140 bolts
Armour
 u - a +1 helmet of see invisible (worn)
 v - a +0 shield of reflection
 w - a +2 pair of gloves of archery (worn)
 I - a +0 cloak (worn)
 M - a +0 ring mail of fire resistance (worn)
 P - a +2 pair of boots of running (worn)
Jewellery
 e - an uncursed ring of protection from magic
 k - an uncursed ring of stealth
 x - a ring of poison resistance (left hand)
 y - an uncursed ring of magical power
 z - an uncursed ring of positive energy
 H - a ring of protection from fire (right hand)
 T - a +5 amulet of reflection (around neck)
Wands
 n - a wand of acid (15)
 r - a wand of digging (9)
 C - a wand of random effects (46)
 D - a wand of enslavement (7)
 F - a wand of scattershot (7)
 G - a wand of disintegration (36)
 Q - a wand of paralysis (14)
 R - a wand of polymorph (9)
 U - a wand of clouds (5)
Scrolls
 m - 5 scrolls of remove curse
 p - 3 scrolls of fog
 J - 5 scrolls of teleportation
 L - 6 scrolls of amnesia
 O - a scroll of blinking
 V - a scroll of magic mapping
 W - a scroll of holy word
Potions
 f - 5 potions of invisibility
 g - a potion of resistance
 h - 6 potions of curing
 i - 2 potions of haste
 j - 3 potions of might
 o - a potion of agility
 s - 3 potions of ambrosia
 t - 2 potions of flight
 A - 2 potions of magic
 B - 7 potions of brilliance
 K - a potion of cancellation {unknown}
 N - a potion of lignification {unknown}
Miscellaneous
 E - a phial of floods
Comestibles
 l - 28 rations


   Skills:
 + Level 8.4 Fighting
 + Level 8.4 Short Blades
 + Level 8.4 Long Blades
 + Level 8.4 Axes
 + Level 8.4 Maces & Flails
 + Level 8.4 Polearms
 + Level 8.4 Staves
 + Level 8.4 Slings
 + Level 8.4 Bows
 + Level 8.4 Crossbows
 + Level 8.4 Throwing
 + Level 8.4 Armour
 + Level 9.6 Dodging
 + Level 9.4 Stealth
 + Level 8.4 Shields
 + Level 8.4 Unarmed Combat
 + Level 9.8 Spellcasting
 + Level 10.0 Conjurations
 + Level 7.0 Hexes
 + Level 7.0 Charms
 + Level 7.0 Summonings
 + Level 7.0 Necromancy
 + Level 7.0 Translocations
 + Level 7.0 Transmutations
 + Level 7.0 Fire Magic
 + Level 7.0 Ice Magic
 + Level 7.0 Air Magic
 + Level 7.0 Earth Magic
 + Level 7.0 Poison Magic
 + Level 9.2 Invocations
 + Level 8.4 Evocations


You had 8 spell levels left.
You knew the following spells:

 Your Spells              Type           Power        Failure   Level  Hunger
a - Magic Dart            Conj           ####         1%          1    None
b - Fulminant Prism       Conj/Hex       #####.....   1%          4    ##.....
c - Mephitic Cloud        Conj/Pois/Air  #####...     1%          3    None
d - Static Discharge      Conj/Air       #####...     1%          3    None
e - Animate Dead          Necr           N/A          6%          4    ##.....
f - Lee's Rapid Deconstr  Erth           #####.....   4%          5    ####...
g - Regeneration          Chrm/Necr      #####.....   1%          3    None

Your spell library contained the following spells:

 Spells                   Type           Power        Failure   Level  Hunger
 Animate Skeleton         Necr           N/A          1%          1    None
 Pain                     Necr           ####         1%          1    None
 Call Imp                 Summ           #####...     1%          2    None
 Searing Ray              Conj           ######       1%          2    None
 Dazzling Spray           Conj/Hex       #####.       1%          3    None
 Vampiric Draining        Necr           #####.....   1%          3    None
 Force Lance              Conj/Tloc      #####...     1%          4    ##.....
 Iskenderun's Mystic Bla  Conj           ######..     1%          4    ##.....
 Iskenderun's Battlesphe  Conj/Chrm      #####...     2%          5    ####...
 Venom Bolt               Conj/Pois      #####.....   2%          5    ####...
 Bolt of Magma            Conj/Fire/Erth #####.....   3%          5    ####...
 Iron Shot                Conj/Erth      #####.....   13%         6    ######.
 Orb of Destruction       Conj           ######....   36%         7    #######
 Spellforged Servitor     Conj/Summ      #####.....   54%         7    #######
 Summon Hydra             Summ           #####.....   99%         7    #######


Dungeon Overview and Level Annotations

Branches:
Dungeon (12/15)            Temple (1/1) D:7            Lair (6/6) D:10
  Snake (0/4) Lair:3          Orc (1/2) D:12
  Swamp: Lair:2-4    Shoals: Lair:2-4     Slime: Lair:5-6

Altars:
Ashenzari
Cheibriados
Dithmenos
Elyvilon
Gozag
Kikubaaqudgha
Makhleb
Nemelex Xobeh
Okawaru
Qazlal
Ru
Sif Muna
Trog
Vehumet
Wu Jian
Xom
Yredelemnul
Zin
The Shining One

Shops:
D:7 [   D:8 [

Annotations:
Lair:4 exclusion: oklob plant
Lair:6 exclusion: oklob plant


Innate Abilities, Weirdness & Mutations

Your experience applies equally to all skills.
You have very sharp teeth.
Your uncanny sense of smell can sniff out nearby items.


Message History

The explosion of tomahawk fragments engulfs the orc priest.
The explosion of tomahawk fragments engulfs the orc.
The orc warlord roars a battlecry!
The orcs go into a battle-frenzy!
The orc warrior barely misses you. The orc misses you.
The orc hits you with a +3 hand axe of electrocution.
You are electrocuted!
The orc throws a tomahawk of dispersal.
The tomahawk of dispersal closely misses you.
The tomahawk of dispersal hits the orc priest but does no damage.
The orc warrior shouts!
You hear a shout! x3
There is a staircase back to the Dungeon, spattered with blood here.
You see here a tomahawk.
You block the orc warrior's attack.
The orc warrior hits you from afar with a +0 halberd!
The orc warlord hits you with a +1 dire flail!!!
* * * LOW HITPOINT WARNING * * *
The orc priest looks braver for a moment. x2
The orc priest misses you.
The orc warrior hits you from afar with a +3 glaive of venom!
You die...

#..........#.#.
...............
$.........o....
........$>.o.#.
......$........
#......ooo[....
..$.o.ooo......
.o.....@oo....#
.....ooo.o.....
.....Oho.......
....o..ooo....#
.............##
............o..
...............
...$...........


You could see 2 orc warlords, a warg, an orc sorcerer, 7 orc warriors, an ogre,
5 orc priests, an orc wizard and 6 orcs.

Vanquished Creatures
  Azrael (D:12)
  Snorg (Lair:3)
  Harold (D:7)
  3 death yaks (Lair:3)
  Urug (Lair:3)
  A fire crab (Lair:5)
  2 unseen horrors
  A wolf spider zombie (D:12)
  A cyclops (D:12)
  A centaur zombie (D:10)
  3 black mambas
  A gargoyle (D:11)
  4 spiny frogs
  6 komodo dragons
  4 rime drakes
  A hornet (D:9)
  4 hippogriffs
  5 trolls
  14 blink frogs
  A spriggan (D:7)
  7 fire elementals (D:12)
  2 wraiths
  A wyvern (D:9)
  27 yaks
  A basilisk (D:12)
  4 vampire mosquitoes (D:12)
  2 hungry ghosts
  Menkaure (D:5)
  A hell hound (D:12)
  An acid dragon (D:12)
  Duvessa (D:5)
  8 water moccasins
  6 porcupines
  7 orc warriors
  3 sky beasts
  A necrophage (D:12)
  An eye of draining (D:10)
  4 phantoms
  6 ice beasts
  3 wolves (Lair:3)
  10 ogres
  14 crocodiles
  8 centaurs
  A big kobold (D:10)
  11 bullfrogs
  Dowan (D:5)
  A water moccasin zombie (D:9)
  5 scorpions
  3 killer bees (D:12)
  3 wights (D:10)
  6 howler monkeys
  An electric eel (Lair:1)
  3 crimson imps
  2 bullfrog zombies
  2 jellies
  5 hounds
  A gnoll shaman (D:6)
  3 centaur skeletons
  5 orc priests
  7 bullfrog skeletons
  Jessica (D:2)
  3 iguanas
  Ijyb (D:5)
  9 orc wizards
  5 worker ants
  5 ogre zombies (D:12)
  A worker ant zombie (D:11)
  A howler monkey zombie (D:6)
  8 gnolls (D:6)
  9 adders
  2 howler monkey skeletons
  2 shadow imps
  12 white imps (Lair:2)
  An ooze (D:3)
  An adder zombie (D:8)
  An adder skeleton (D:4)
  8 worms
  A dart slug (D:4)
  5 leopard geckos
  47 orcs
  3 bats
  5 giant cockroaches
  10 goblins
  6 hobgoblins
  17 jackals
  4 quokkas
  A ball python (D:3)
  4 frilled lizards
  A goblin zombie (D:12)
  A jackal zombie (D:6)
  9 kobolds
  An orc skeleton (D:12)
  4 orc zombies (D:12)
  A quokka skeleton (D:4)
  13 rats
  A fungus (Lair:6)
  A plant (D:10)
440 creatures vanquished.

Vanquished Creatures (collateral kills)
  An orc (D:12)
1 creature vanquished.

Vanquished Creatures (others)
  A troll zombie (D:12)
  2 ogre zombies (D:12)
  An orc (Orc:1)
  2 goblin zombies (D:12)
  3 hobgoblin zombies (D:12)
  2 orc skeletons (D:12)
  10 orc zombies (D:12)
  64 fulminant prisms
  8 fungi
  8 plants
101 creatures vanquished.

Grand Total: 542 creatures vanquished

Notes
Turn   | Place    | Note
-------+----------+-------------------------------------------
     0 | D:1      | wilfster70 the Gnoll Conjurer began the quest for the Orb.
     0 | D:1      | Reached XP level 1. HP: 13/13 MP: 6/6
   189 | D:1      | Reached XP level 2. HP: 18/19 MP: 4/7
  1003 | D:2      | Reached XP level 3. HP: 23/25 MP: 9/9
  1018 | D:2      | Reached skill level 5 in Spellcasting
  1642 | D:2      | Reached skill level 1 in Fighting
  1642 | D:2      | Reached skill level 1 in Short Blades
  1642 | D:2      | Reached skill level 1 in Long Blades
  1642 | D:2      | Reached skill level 1 in Axes
  1642 | D:2      | Reached skill level 1 in Maces & Flails
  1642 | D:2      | Reached skill level 1 in Polearms
  1642 | D:2      | Reached skill level 1 in Staves
  1642 | D:2      | Reached skill level 1 in Slings
  1642 | D:2      | Reached skill level 1 in Bows
  1642 | D:2      | Reached skill level 1 in Crossbows
  1642 | D:2      | Reached skill level 1 in Throwing
  1642 | D:2      | Reached skill level 1 in Armour
  1642 | D:2      | Reached skill level 1 in Shields
  1642 | D:2      | Reached skill level 1 in Unarmed Combat
  1642 | D:2      | Reached skill level 1 in Invocations
  1642 | D:2      | Reached skill level 1 in Evocations
  1644 | D:2      | Reached XP level 4. HP: 32/32 MP: 11/11
  1653 | D:2      | Learned a level 4 spell: Fulminant Prism
  1702 | D:2      | Found a deep blue altar of Sif Muna.
  2004 | D:2      | Noticed Jessica
  2010 | D:2      | Killed Jessica
  2010 | D:2      | Reached skill level 1 in Hexes
  2010 | D:2      | Reached skill level 1 in Charms
  2010 | D:2      | Reached skill level 1 in Summonings
  2010 | D:2      | Reached skill level 1 in Necromancy
  2010 | D:2      | Reached skill level 1 in Translocations
  2010 | D:2      | Reached skill level 1 in Transmutations
  2010 | D:2      | Reached skill level 1 in Fire Magic
  2010 | D:2      | Reached skill level 1 in Ice Magic
  2010 | D:2      | Reached skill level 1 in Air Magic
  2010 | D:2      | Reached skill level 1 in Earth Magic
  2010 | D:2      | Reached skill level 1 in Poison Magic
  2547 | D:3      | Reached XP level 5. HP: 37/37 MP: 12/12
  3799 | D:4      | Reached XP level 6. HP: 37/44 MP: 13/13
  3926 | D:5      | Entered Level 5 of the Dungeon
  3934 | D:5      | Reached skill level 5 in Dodging
  3956 | D:5      | Reached XP level 7. HP: 50/50 MP: 9/15
  4084 | D:5      | Noticed Duvessa
  4084 | D:5      | Noticed Dowan
  4101 | D:5      | Killed Duvessa
  4118 | D:5      | Killed Dowan
  4254 | D:5      | Reached skill level 5 in Stealth
  4649 | D:5      | Found a snail-covered altar of Cheibriados.
  4649 | D:5      | Found a shadowy altar of Dithmenos.
  4674 | D:5      | Noticed Ijyb
  4701 | D:5      | Killed Ijyb
  4798 | D:5      | Noticed Menkaure
  4978 | D:6      | Reached XP level 8. HP: 34/57 MP: 8/16
  5396 | D:6      | Identified a scroll of acquirement
  6382 | D:6      | Reached XP level 9. HP: 65/65 MP: 17/18
  6469 | D:6      | Noticed a moth of wrath
  6472 | D:6      | Found a bloodstained altar of Trog.
  6770 | D:7      | Noticed Harold
  6873 | D:7      | HP: 2/65 [Harold/+3 flail of crushing (6)]
  7203 | D:7      | Killed Harold
  7203 | D:7      | Reached skill level 8 in Conjurations
  7442 | D:7      | Found a staircase to the Ecumenical Temple.
  7452 | Temple   | Entered the Ecumenical Temple
  7557 | Temple   | Became a worshipper of Vehumet
  7775 | D:4      | Reached skill level 5 in Invocations
  8282 | D:5      | Killed Menkaure
  8704 | D:7      | Found Irubboi's Armour Shop.
  8947 | D:7      | Found a basalt altar of Yredelemnul.
  9051 | D:7      | Reached XP level 10. HP: 67/73 MP: 20/20
  9092 | D:7      | Found a sparkling altar of Nemelex Xobeh.
  9653 | D:8      | Reached * piety under Vehumet
  9653 | D:8      | Offered knowledge of Shock by Vehumet.
 10315 | D:8      | Found Qaawim's Armour Shop.
 10388 | D:8      | Reached skill level 5 in Fighting
 10388 | D:8      | Reached skill level 5 in Short Blades
 10388 | D:8      | Reached skill level 5 in Long Blades
 10388 | D:8      | Reached skill level 5 in Axes
 10388 | D:8      | Reached skill level 5 in Maces & Flails
 10388 | D:8      | Reached skill level 5 in Polearms
 10388 | D:8      | Reached skill level 5 in Staves
 10388 | D:8      | Reached skill level 5 in Slings
 10388 | D:8      | Reached skill level 5 in Bows
 10388 | D:8      | Reached skill level 5 in Crossbows
 10388 | D:8      | Reached skill level 5 in Throwing
 10388 | D:8      | Reached skill level 5 in Armour
 10388 | D:8      | Reached skill level 5 in Shields
 10388 | D:8      | Reached skill level 5 in Unarmed Combat
 10388 | D:8      | Reached skill level 5 in Evocations
 11798 | D:10     | Entered Level 10 of the Dungeon
 11825 | D:10     | Noticed an unseen horror
 11839 | D:10     | Killed an unseen horror
 12159 | D:10     | Reached XP level 11. HP: 81/81 MP: 12/22
 12180 | D:9      | Reached ** piety under Vehumet
 12365 | D:9      | Offered knowledge of Sting by Vehumet.
 12960 | D:10     | Paralysed by a hornet for 2 turns
 13344 | D:10     | Found a staircase to the Lair.
 13419 | D:10     | Reached skill level 5 in Hexes
 13419 | D:10     | Reached skill level 5 in Charms
 13419 | D:10     | Reached skill level 5 in Summonings
 13419 | D:10     | Reached skill level 5 in Necromancy
 13419 | D:10     | Reached skill level 5 in Translocations
 13419 | D:10     | Reached skill level 5 in Transmutations
 13419 | D:10     | Reached skill level 5 in Fire Magic
 13419 | D:10     | Reached skill level 5 in Ice Magic
 13419 | D:10     | Reached skill level 5 in Air Magic
 13419 | D:10     | Reached skill level 5 in Earth Magic
 13419 | D:10     | Reached skill level 5 in Poison Magic
 13583 | D:7      | Bought a +2 pair of boots of running for 622 gold pieces
 14747 | D:11     | Offered knowledge of Mephitic Cloud by Vehumet.
 15162 | D:11     | Learned a level 3 spell: Mephitic Cloud
 15528 | D:11     | Reached skill level 9 in Conjurations
 15740 | D:11     | Reached *** piety under Vehumet
 16041 | Lair:1   | Entered Level 1 of the Lair of Beasts
 17606 | Lair:1   | Reached XP level 12. HP: 57/89 MP: 20/24
 19159 | Lair:2   | Found a frozen archway.
 19163 | Lair:2   | Offered knowledge of Static Discharge by Vehumet.
 19783 | Lair:3   | Noticed Sonja
 19784 | Lair:3   | Noticed Sonja
 19784 | Lair:3   | Sonja changed into Sonja the black mamba
 19801 | Lair:2   | Killed Sonja the black mamba
 20264 | Lair:3   | Found a staircase to the Snake Pit.
 20370 | Lair:3   | Noticed Snorg
 20482 | Lair:3   | Killed Snorg
 20548 | Lair:3   | Noticed Urug
 20715 | D:7      | Bought a +0 shield of reflection for 127 gold pieces
 21038 | D:10     | Reached **** piety under Vehumet
 21090 | D:10     | Learned a level 3 spell: Static Discharge
 21215 | Lair:3   | Killed Urug
 22424 | Lair:4   | Noticed a death yak
 22466 | Lair:4   | Noticed a death yak
 22466 | Lair:4   | Noticed a death yak
 22681 | Lair:5   | Offered knowledge of Lightning Bolt by Vehumet.
 23123 | Lair:5   | Learned a level 3 spell: Regeneration
 23162 | Lair:5   | Reached XP level 13. HP: 97/98 MP: 26/26
 25482 | Lair:6   | Entered Level 6 of the Lair of Beasts
 26501 | D:12     | Identified the Incunabulum of Hurtful Creation
 26514 | D:12     | Got a bloodstained glaive
 26520 | D:12     | Identified the +9 glaive of Ramolu {pain, rF+ Str+4 Dex+3}
                  | (You found it on level 12 of the Dungeon)
 26605 | D:12     | Found an iron altar of Okawaru.
 27464 | D:12     | Learned a level 4 spell: Animate Dead
 27569 | D:12     | Noticed Azrael
 28024 | D:12     | Killed Azrael
 28028 | D:12     | Reached skill level 10 in Conjurations
 28273 | D:12     | Reached ***** piety under Vehumet
 28276 | D:12     | Offered knowledge of Lee's Rapid Deconstruction by Vehumet.
 28294 | D:12     | Learned a level 5 spell: Lee's Rapid Deconstruction
 28331 | D:12     | Found a staircase to the Orcish Mines.
 28368 | Orc:1    | Entered Level 1 of the Orcish Mines
 28368 | Orc:1    | Noticed an orc warlord
 28842 | Orc:1    | Noticed an orc warlord
 28994 | Orc:1    | Mangled by an orc warrior

Vault maps used:
D:1:      tarquinn_simple_flora_water_b
D:2:      lemuel_blue_sif_altar, uniq_jessica
D:4:      first_ration
D:5:      gammafunk_temple_overflow_elements, uniq_duvessa, uniq_menkaure,
          uniq_ijyb
D:6:      minmay_clustersquares, tgw_trog
D:7:      marbit_many_paths, minmay_temple_entry_overgrown, serial_shops, shop,
          the_bakery, nemelex_diamond_rough_becter, uniq_harold
D:8:      serial_shops, nicolae_shop_competitors_out_of_business
D:10:     dpeg_oklobed_lair
D:12:     zombieorc2_lemuel, basic_altar, lemuel_centaur_altar, uniq_azrael
Temple:   dpeg_five_rooms_temple
Lair:1:   nicolae_quartered_pool_medium, serial_bayou_shore_a
Lair:2:   portal_ice_cave_entry_imps, minmay_holes, st_stairs_11, minivault_26
Lair:3:   nicolae_swamp_entry_splash_gauntlet, dummy_snake_entry,
          infiniplex_staircase_pool, uniq_sonja, uniq_urug, uniq_snorg
Lair:4:   lemuel_fruit_tree, minmay_lair_oklob_chamber, grunt_megastairs_3,
          infiniplex_staircase_pool_2
Lair:5:   guppyfry_lair_drakes
Lair:6:   evilmike_catoblepas_cave, minmay_slime_entry_oklob_enclosed
Orc:1:    lightli_orcish_oven

Skill      XL: |  1  2  3  4  5  6  7  8  9 10 11 12 13 |
---------------+----------------------------------------+-----
Spellcasting   | 5 6 7 8 9 |  9.8
Fighting       | 1 2 3 4 5 6 7 8 |  8.4
Short Blades   | 1 2 3 4 5 6 7 8 |  8.4
Long Blades    | 1 2 3 4 5 6 7 8 |  8.4
Axes           | 1 2 3 4 5 6 7 8 |  8.4
Maces & Flails | 1 2 3 4 5 6 7 8 |  8.4
Polearms       | 1 2 3 4 5 6 7 8 |  8.4
Staves         | 1 2 3 4 5 6 7 8 |  8.4
Slings         | 1 2 3 4 5 6 7 8 |  8.4
Bows           | 1 2 3 4 5 6 7 8 |  8.4
Crossbows      | 1 2 3 4 5 6 7 8 |  8.4
Throwing       | 1 2 3 4 5 6 7 8 |  8.4
Armour         | 1 2 3 4 5 6 7 8 |  8.4
Shields        | 1 2 3 4 5 6 7 8 |  8.4
Unarmed Combat | 1 2 3 4 5 6 7 8 |  8.4
Invocations    | 1 2 3 4 5 6 7 8 9 |  9.2
Evocations     | 1 2 3 4 5 6 7 8 |  8.4
Hexes          | 1 2 3 4 5 6 7 |  7.0
Charms         | 1 2 3 4 5 6 7 |  7.0
Summonings     | 1 2 3 4 5 6 7 |  7.0
Necromancy     | 1 2 3 4 5 6 7 |  7.0
Translocations | 1 2 3 4 5 6 7 |  7.0
Transmutations | 1 2 3 4 5 6 7 |  7.0
Fire Magic     | 1 2 3 4 5 6 7 |  7.0
Ice Magic      | 1 2 3 4 5 6 7 |  7.0
Air Magic      | 1 2 3 4 5 6 7 |  7.0
Earth Magic    | 1 2 3 4 5 6 7 |  7.0
Poison Magic   | 1 2 3 4 5 6 7 |  7.0
Dodging        | 5 6 7 8 9 |  9.6
Stealth        | 5 6 7 8 9 |  9.4
Conjurations   | 8 9 10 | 10.0

Action                   |  1- 3 |  4- 6 |  7- 9 | 10-12 | 13-15 || total
-------------------------+-------+-------+-------+-------+-------++-------
Melee: Short sword       |    61 |       |       |       |       ||    61
       Bite              |     3 |    10 |    29 |   119 |    46 ||   207
       Dagger            |     4 |   137 |   208 |   754 |   144 ||  1247
       Punch             |       |     3 |     3 |    26 |       ||    32
       Flail             |       |       |     3 |    47 |    12 ||    62
       Glaive            |       |       |       |       |   209 ||   209
 Fire: Shortbow          |       |       |    30 |   123 |       ||   153
       Hunting sling     |       |       |       |    12 |       ||    12
       Hand crossbow     |       |       |       |       |    36 ||    36
 Cast: Magic Dart        |    23 |    12 |   197 |   150 |     9 ||   391
       Fulminant Prism   |       |       |       |    51 |    13 ||    64
       Static Discharge  |       |       |       |     9 |     5 ||    14
       Regeneration      |       |       |       |     1 |     3 ||     4
       Animate Dead      |       |       |       |       |     2 ||     2
Evoke: Wand              |       |       |       |     1 |       ||     1
  Use: Scroll            |       |     5 |    12 |    12 |    11 ||    40
       Potion            |       |       |     4 |     5 |     2 ||    11
 Stab: Sleeping          |     6 |    13 |    10 |    12 |     1 ||    42
       Distracted        |       |       |     1 |     1 |     4 ||     6
  Eat: Chunk             |     2 |     7 |    13 |    37 |    11 ||    70
       Ration            |       |       |     1 |     3 |     2 ||     6
Armor: Robe              |    15 |    18 |    52 |    84 |       ||   169
       Ring mail         |       |       |       |   154 |   146 ||   300
Dodge: Dodged            |    60 |    87 |   201 |   579 |   395 ||  1322
Block: Shield            |       |       |       |    69 |   114 ||   183
       Reflection        |       |       |       |     2 |     4 ||     6
       Other             |       |       |       |       |    91 ||    91

Table legend:
 A = Non-vault XP
 B = Vault XP
 C = Vault XP percentage of total XP
 D = Non-vault monster count
 E = Vault monster count
 F = Vault count percentage of total count
                 A         B        C        D         E       F
            +---------+---------+-------+---------+---------+-------
      Total |   39150 |    8451 |  17.8 |     378 |      61 |  13.9
            +---------+---------+-------+---------+---------+-------
        D:1 |      31 |       0 |   0.0 |      18 |       0 |   0.0
        D:2 |      83 |      37 |  30.8 |      25 |       1 |   3.8
        D:3 |     116 |       0 |   0.0 |      29 |       0 |   0.0
        D:4 |     337 |       0 |   0.0 |      19 |       0 |   0.0
        D:5 |     559 |     432 |  43.6 |      22 |       4 |  15.4
        D:6 |     685 |     596 |  46.5 |      23 |      14 |  37.8
        D:7 |     712 |    1212 |  63.0 |      12 |       2 |  14.3
        D:8 |     882 |       0 |   0.0 |      21 |       0 |   0.0
        D:9 |    3116 |       0 |   0.0 |      22 |       0 |   0.0
       D:10 |    5177 |       0 |   0.0 |      32 |       0 |   0.0
       D:11 |    3438 |       0 |   0.0 |      35 |       0 |   0.0
       D:12 |    6216 |    3106 |  33.3 |      48 |      22 |  31.4
     Lair:1 |    3658 |       0 |   0.0 |      16 |       0 |   0.0
     Lair:2 |     490 |    1075 |  68.7 |       4 |      15 |  78.9
     Lair:3 |    4223 |    1882 |  30.8 |      13 |       2 |  13.3
     Lair:4 |    3199 |       0 |   0.0 |      12 |       0 |   0.0
     Lair:5 |    4143 |     111 |   2.6 |      18 |       1 |   5.3
     Lair:6 |    2050 |       0 |   0.0 |       8 |       0 |   0.0
      Orc:1 |      35 |       0 |   0.0 |       1 |       0 |   0.0
            +---------+---------+-------+---------+---------+-------
